[Event "2nd Yerevan Open"]
[Site "?"]
[Date "2017.09.19"]
[Round "1.1"]
[White "Pluzyan, Aram"]
[Black "Melkumyan, Hrant"]
[Result "0-1"]
[ECO "A07"]
[WhiteElo "2079"]
[BlackElo "2642"]
[PlyCount "98"]
[EventDate "2017.??.??"]
[TimeControl "6000+820"]
[WhiteClock "0:00:59"]
[BlackClock "0:23:20"]

1. Nf3 d5 2. g3 Nd7 3. Bg2 e5 4. d3 Ngf6 5. O-O Bd6 6. c4 c6 7. a3 O-O 8. b4
Re8 9. Nc3 d4 10. Ne4 Nxe4 11. dxe4 a5 12. Bg5 Be7 13. Bd2 Qc7 14. Qc2 Nf8 15.
Rfb1 Bg4 16. Bf1 Ne6 17. Ne1 Ra7 18. Nd3 Rea8 19. f3 Bh5 20. bxa5 Nc5 21. g4
Bg6 22. Bb4 Nxd3 23. exd3 h5 24. h3 Qd8 25. Qh2 Bd6 26. Rb3 Qf6 27. Qg3 Be7 28.
Rab1 Bd8 29. Bg2 h4 30. Qf2 Bxa5 31. Bxa5 Rxa5 32. Rxb7 Rxa3 33. Rb8+ Rxb8 34.
Rxb8+ Kh7 35. Qd2 Qe7 36. Bf1 Ra1 37. Qb2 Qa7 38. Qb6 Qa4 39. Qb3 Qxb3 40. Rxb3
Ra2 41. Rb6 Kh6 42. f4 exf4 43. Rxc6 f6 44. Rd6 f3 45. Rxd4 Kg5 46. c5 Kf4 47.
e5+ Kg3 48. g5 f5 49. e6 f2+ 0-1

[Event "2nd Yerevan Open"]
[Site "?"]
[Date "2017.09.19"]
[Round "1.2"]
[White "Onischuk, Vladimir"]
[Black "Yeritsyan, Hayk"]
[Result "1-0"]
[ECO "C54"]
[WhiteElo "2638"]
[BlackElo "2078"]
[PlyCount "59"]
[EventDate "2017.??.??"]
[TimeControl "6000+720"]
[WhiteClock "0:18:14"]
[BlackClock "0:15:10"]

1. e4 e5 2. Nf3 Nc6 3. Bc4 Bc5 4. d3 Nf6 5. O-O O-O 6. Nbd2 a6 7. Bb3 d6 8. c3
Ba7 9. h3 Ne7 10. Re1 Ng6 11. Nf1 Nh5 12. d4 Nhf4 13. Ng3 Qf6 14. Nh5 Qe7 15.
Bxf4 Nxf4 16. Nxf4 exf4 17. e5 dxe5 18. Nxe5 Be6 19. Qf3 Qd6 20. Qxb7 Bb6 21.
Bxe6 Qxe6 22. Qf3 g5 23. Nc6 Qd6 24. Re5 f6 25. Re7 Rae8 26. Rae1 Rxe7 27. Rxe7
Rf7 28. Re8+ Kg7 29. b4 Qd7 30. Qe4 1-0

[Event "2nd Yerevan Open"]
[Site "?"]
[Date "2017.09.19"]
[Round "1.3"]
[White "Tavoosi Rad, Ramtin"]
[Black "Petrosian, Tigran L"]
[Result "0-1"]
[ECO "A21"]
[WhiteElo "2070"]
[BlackElo "2615"]
[PlyCount "74"]
[EventDate "2017.??.??"]
[TimeControl "6000+1375"]
[WhiteClock "0:00:42"]
[BlackClock "0:25:36"]

1. c4 e5 2. Nc3 Nc6 3. g3 Bb4 4. Bg2 Bxc3 5. bxc3 d6 6. d3 f5 7. Nf3 h6 8. O-O
Nf6 9. Ne1 O-O 10. f4 e4 11. Nc2 Kh8 12. Ne3 Na5 13. Ba3 c5 14. Qd2 b6 15. Rad1
Re8 16. h3 Rb8 17. Rfe1 Qd7 18. Bc1 Bb7 19. Kh2 Rbd8 20. Rf1 Qe6 21. Qe1 Qf7
22. Qf2 Qh5 23. Kg1 Rd7 24. Rfe1 Rde7 25. Bd2 Bc6 26. Rb1 Nb7 27. d4 Na5 28. d5
Bb7 29. Rb5 Ba6 30. Rc1 Nxc4 31. Nxc4 Bxb5 32. Nxd6 e3 33. Bxe3 Rxe3 34. Nxb5
Rxe2 35. Qf3 Qg6 36. d6 R8e3 37. Qa8+ Kh7 0-1

[Event "2nd Yerevan Open"]
[Site "?"]
[Date "2017.09.19"]
[Round "1.4"]
[White "Hovhannisyan, Robert"]
[Black "Melkonyan, Arshak"]
[Result "1-0"]
[ECO "D42"]
[WhiteElo "2594"]
[BlackElo "2064"]
[PlyCount "63"]
[EventDate "2017.??.??"]
[TimeControl "6000+835"]
[WhiteClock "0:55:13"]
[BlackClock "0:11:50"]

1. c4 c6 2. e4 d5 3. exd5 cxd5 4. d4 Nf6 5. Nc3 e6 6. Nf3 Be7 7. cxd5 Nxd5 8.
Bd3 Nc6 9. O-O O-O 10. Re1 Bf6 11. Be4 Nde7 12. Be3 Nd5 13. Qd3 h6 14. Rad1 b6
15. Qd2 Nxe3 16. Qxe3 Bb7 17. d5 exd5 18. Bxd5 Re8 19. Ne4 Qe7 20. Nd6 Qxd6 21.
Qxe8+ Rxe8 22. Rxe8+ Qf8 23. Rxf8+ Kxf8 24. b4 Ke7 25. b5 Nd8 26. Bxb7 Nxb7 27.
Nd4 Bxd4 28. Rxd4 Nc5 29. g3 g5 30. Kg2 f5 31. Rd5 Ke6 32. Rd8 1-0

[Event "2nd Yerevan Open"]
[Site "?"]
[Date "2017.09.19"]
[Round "1.5"]
[White "Shahzamani, Arman"]
[Black "Andriasian, Zaven"]
[Result "0-1"]
[ECO "B21"]
[WhiteElo "2064"]
[BlackElo "2593"]
[PlyCount "58"]
[EventDate "2017.??.??"]
[TimeControl "6000+995"]
[WhiteClock "0:09:36"]
[BlackClock "0:30:45"]

1. e4 c5 2. d4 cxd4 3. c3 d3 4. Bxd3 Nc6 5. Nf3 d6 6. h3 g6 7. O-O Bg7 8. Bf4
Nf6 9. Nbd2 O-O 10. a4 b6 11. Qe2 Bb7 12. Rad1 Nd7 13. Rfe1 Qc7 14. Nc4 Nc5 15.
Bc2 Ba6 16. b4 Ne6 17. Bg3 Nxb4 18. cxb4 Bxc4 19. Qe3 a5 20. Rc1 axb4 21. Nd2
Bc3 22. e5 d5 23. Qh6 Rfc8 24. h4 Qd8 25. Red1 Be2 26. Re1 Ba6 27. Rcd1 Qf8 28.
Qe3 Bd4 29. Qb3 Rc3 0-1

[Event "2nd Yerevan Open"]
[Site "?"]
[Date "2017.09.19"]
[Round "1.6"]
[White "Pashikian, Arman"]
[Black "Gesyan, Suren"]
[Result "1-0"]
[ECO "E06"]
[WhiteElo "2592"]
[BlackElo "2063"]
[PlyCount "63"]
[EventDate "2017.??.??"]
[TimeControl "6000+900"]
[WhiteClock "0:29:48"]
[BlackClock "0:04:35"]

1. d4 d5 2. Nf3 Nf6 3. c4 e6 4. g3 Be7 5. Bg2 O-O 6. Qc2 dxc4 7. Qxc4 Bd7 8.
Ne5 Bc6 9. Nxc6 Nxc6 10. e3 Nd5 11. Nc3 Nxc3 12. bxc3 Na5 13. Qe2 c5 14. O-O
Rc8 15. d5 exd5 16. Rd1 Bf6 17. Bxd5 Bxc3 18. Bxf7+ Rxf7 19. Rxd8+ Rxd8 20. Rb1
b6 21. Bb2 Rd2 22. Qb5 Bxb2 23. Rxb2 Rxb2 24. Qxb2 Kf8 25. Qe5 Rd7 26. Qf5+ Ke8
27. Qxh7 Kd8 28. h4 c4 29. h5 Kc8 30. g4 Rc7 31. g5 c3 32. Qc2 1-0

[Event "2nd Yerevan Open"]
[Site "?"]
[Date "2017.09.19"]
[Round "1.7"]
[White "Yeremyan, Alen"]
[Black "Rozum, Ivan"]
[Result "0-1"]
[ECO "B43"]
[WhiteElo "2060"]
[BlackElo "2590"]
[PlyCount "70"]
[EventDate "2017.??.??"]
[TimeControl "6000+500"]
[WhiteClock "0:07:47"]
[BlackClock "0:55:49"]

1. e4 c5 2. Nf3 e6 3. Nc3 a6 4. d4 cxd4 5. Nxd4 Qc7 6. Qg4 Nc6 7. Nxc6 bxc6 8.
Qg3 Qxg3 9. hxg3 d5 10. Bd3 Nf6 11. Bg5 Bc5 12. f3 a5 13. g4 Nd7 14. O-O-O Ne5
15. exd5 Nxd3+ 16. Rxd3 cxd5 17. Nb5 O-O 18. Rc3 Bb4 19. Rc7 Ba6 20. Nd4 Rfc8
21. Rxc8+ Rxc8 22. Bd2 e5 23. Bxb4 axb4 24. Nf5 Rc5 25. Kd2 g6 26. Nh6+ Kg7 27.
g5 Bc8 28. Rh4 d4 29. Rh1 Ra5 30. Re1 f6 31. gxf6+ Kxf6 32. g4 Be6 33. Kd3 Kg5
34. Rh1 Bd5 35. Rh2 Rxa2 0-1

[Event "2nd Yerevan Open"]
[Site "?"]
[Date "2017.09.19"]
[Round "1.8"]
[White "Aleksandrov, Aleksej"]
[Black "Ziroyan, David"]
[Result "1-0"]
[ECO "A58"]
[WhiteElo "2580"]
[BlackElo "2055"]
[PlyCount "79"]
[EventDate "2017.??.??"]
[TimeControl "6000+915"]
[WhiteClock "1:23:06"]
[BlackClock "0:09:54"]

1. d4 Nf6 2. c4 c5 3. d5 b5 4. cxb5 a6 5. bxa6 Bxa6 6. g3 d6 7. Bg2 g6 8. b3
Bg7 9. Bb2 O-O 10. Nh3 Qb6 11. O-O Nbd7 12. Bc3 Ra7 13. Nd2 Ne8 14. Qc2 Bxe2
15. Rfe1 Bg4 16. Rxe7 Bf5 17. Qb2 Ne5 18. Rxa7 Nd3 19. Nc4 Qxa7 20. Qd2 Bxc3
21. Qxc3 Nb4 22. Ne3 Bxh3 23. Bxh3 f5 24. a3 Na6 25. b4 Nf6 26. b5 Nc7 27. a4
Ne4 28. Qb2 f4 29. b6 Qb7 30. gxf4 Rxf4 31. a5 Ng5 32. Bg2 Na6 33. Qb5 Qg7 34.
Rf1 Rh4 35. Qxa6 Qe5 36. Qc8+ Kg7 37. Qd7+ Kg8 38. Ng4 Rxg4 39. Qxg4 Qe7 40. b7
1-0

[Event "2nd Yerevan Open"]
[Site "?"]
[Date "2017.09.19"]
[Round "1.9"]
[White "Sargsyan, Anna M"]
[Black "Ter-Sahakyan, Samvel"]
[Result "0-1"]
[ECO "A90"]
[WhiteElo "2047"]
[BlackElo "2577"]
[PlyCount "84"]
[EventDate "2017.??.??"]
[TimeControl "6000+955"]
[WhiteClock "0:28:41"]
[BlackClock "0:26:12"]

1. d4 f5 2. c4 Nf6 3. g3 e6 4. Bg2 c6 5. Nf3 d5 6. O-O Bd6 7. b3 Qe7 8. a4 a5
9. Ba3 Bxa3 10. Nxa3 O-O 11. Nc2 b6 12. Nce1 Bb7 13. Nd3 Na6 14. Nfe5 Rac8 15.
e3 Rfd8 16. Qe2 c5 17. Rfd1 Ne4 18. Qb2 dxc4 19. Nxc4 cxd4 20. Nxb6 Rb8 21.
exd4 Nxf2 22. Qxf2 Bxg2 23. Nc4 Be4 24. Nde5 Rxb3 25. Nxa5 Rc3 26. Rac1 Rxc1
27. Rxc1 Qa3 28. Re1 Rf8 29. Nac6 Qd6 30. Rc1 Nb4 31. Nxb4 Qxb4 32. Nd7 Rd8 33.
Nc5 Bd5 34. Re1 h6 35. Qe3 Rd6 36. Rf1 Rb6 37. Nd7 Qb2 38. Qf2 Qxf2+ 39. Kxf2
Rb2+ 40. Ke3 Rxh2 41. Rb1 Rg2 42. Kf4 Re2 0-1

[Event "2nd Yerevan Open"]
[Site "?"]
[Date "2017.09.19"]
[Round "1.10"]
[White "Gabuzyan, Hovhannes"]
[Black "Harutyunyan, Erik"]
[Result "1-0"]
[ECO "A04"]
[WhiteElo "2573"]
[BlackElo "2031"]
[PlyCount "27"]
[EventDate "2017.??.??"]
[TimeControl "6000+885"]
[WhiteClock "1:10:28"]
[BlackClock "0:58:43"]

1. Nf3 d5 2. g3 e6 3. Bg2 f5 4. O-O Nf6 5. d3 Be7 6. Nbd2 O-O 7. Qe1 c5 8. e4
Nc6 9. Qe2 Rb8 10. Re1 Re8 11. c3 b5 12. Ng5 e5 13. exd5 Nxd5 14. Bxd5+ 1-0

[Event "2nd Yerevan Open"]
[Site "?"]
[Date "2017.09.19"]
[Round "1.11"]
[White "Barseghyan, Armen Ar"]
[Black "Sandipan, Chanda"]
[Result "1/2-1/2"]
[ECO "A87"]
[WhiteElo "2020"]
[BlackElo "2570"]
[PlyCount "70"]
[EventDate "2017.??.??"]
[TimeControl "6000+2325"]
[WhiteClock "0:07:14"]
[BlackClock "0:30:39"]

1. d4 f5 2. c4 Nf6 3. g3 g6 4. Bg2 Bg7 5. Nf3 O-O 6. O-O e6 7. Nc3 d5 8. Bf4 c6
9. c5 b6 10. b4 a5 11. a3 bxc5 12. bxc5 Ba6 13. Bd6 Re8 14. Ne5 Nfd7 15. f4
Nxe5 16. fxe5 Bh6 17. Rf3 Nd7 18. e3 Qc8 19. Bf1 Ra7 20. Qd2 Bxf1 21. Rfxf1 Bf8
22. Bxf8 Rxf8 23. Rab1 Qa8 24. Rb2 Rb8 25. Rfb1 Rab7 26. Na4 Rxb2 27. Rxb2 Rxb2
28. Qxb2 Qa6 29. Kf2 Qd3 30. Nb6 Nf8 31. Nc8 Qa6 32. Nd6 Qd3 33. Qb7 Qd2+ 34.
Kf3 Qd1+ 35. Kf2 Qd2+ 1/2-1/2

[Event "2nd Yerevan Open"]
[Site "?"]
[Date "2017.09.19"]
[Round "1.12"]
[White "Martirosyan, Haik M"]
[Black "Martirosyan, Garik"]
[Result "1-0"]
[ECO "E05"]
[WhiteElo "2570"]
[BlackElo "2018"]
[PlyCount "67"]
[EventDate "2017.??.??"]
[TimeControl "6000+1260"]
[WhiteClock "0:38:41"]
[BlackClock "0:04:43"]

1. d4 d5 2. c4 e6 3. Nf3 Nf6 4. g3 Be7 5. Bg2 O-O 6. O-O dxc4 7. Qc2 a6 8. a4
Bd7 9. Qxc4 Bc6 10. Bg5 a5 11. Nc3 Na6 12. Bxf6 Bxf6 13. e4 Nb4 14. Rfd1 Ra6
15. Rac1 Rb6 16. Qe2 Qe8 17. b3 Ra6 18. h4 h5 19. Qe3 Ra8 20. Qf4 Qd8 21. Ne5
Bxe5 22. Qxe5 g6 23. d5 exd5 24. exd5 Re8 25. Qd4 Bd7 26. Ne4 Ra6 27. d6 Rxe4
28. dxc7 Qxc7 29. Bxe4 Bc6 30. Qf6 Ra8 31. Rc5 Re8 32. Bxg6 fxg6 33. Qxg6+ Qg7
34. Rxc6 1-0